[Event "DVM U12w 2024"]
[Site "Bad Homburg"]
[Date "2024.12.29"]
[Round "5"]
[White "Slowik, Anna"]
[Black "Ulianova, Anna"]
[Result "1-0"]
[ECO "C56"]
[WhiteElo "1103"]
[BlackElo "1267"]
[Annotator "NA"]
[PlyCount "37"]
[EventDate "2024.12.23"]
[EventType "team-tourn"]
[EventRounds "7"]
[EventCountry "GER"]
[SourceTitle "playchess.com"]
[Source "ChessBase"]
[SourceQuality "1"]
[TimeControl "40/5400+30:1800+30"]

1. e4 e5 2. Nf3 Nc6 3. Bc4 Bc5 4. O-O Nf6 5. d4 exd4 6. e5 Ne4 7. Qe2 d5 8. exd6 Bf5 9. dxc7 Qxc7 10. Nbd2 O-O 11. Nxe4 Rae8 12. Bd3 Bxe4 13. Bxe4 Qe7 14. Re1 Bb4 15. Bd2 Qd7 16. Qd3 Bxd2 17. Qxd2 f5 18. Bd3 Qd5 19. b3 1-0

[Event "DVM U12w 2024"]
[Site "Bad Homburg"]
[Date "2024.12.29"]
[Round "5"]
[White "Rutschmann, Polly"]
[Black "Du, Vivian"]
[Result "0-1"]
[ECO "C50"]
[WhiteElo "1072"]
[BlackElo "1144"]
[Annotator "NA"]
[PlyCount "58"]
[EventDate "2024.12.23"]
[EventType "team-tourn"]
[EventRounds "7"]
[EventCountry "GER"]
[SourceTitle "playchess.com"]
[Source "ChessBase"]
[SourceQuality "1"]
[TimeControl "40/5400+30:1800+30"]

1. e4 e5 2. Nf3 Nc6 3. Bc4 Bc5 4. Nc3 Nf6 5. d3 d6 6. Bd2 Bg4 7. h3 Bh5 8. g4 Bg6 9. Bg5 h6 10. Bh4 a6 11. Nd5 Nd4 12. Nxd4 Bxd4 13. c3 Ba7 14. Qb3 b5 15. Nxf6+ gxf6 16. Bd5 Rb8 17. Rf1 h5 18. f4 hxg4 19. Bg3 Rxh3 20. Bf2 Bxf2+ 21. Rxf2 g3 22. Rg2 Rh1+ 23. Kd2 Rxa1 24. Rxg3 exf4 25. Rh3 Ke7 26. Rf3 Qh8 27. Rxf4 Qh2+ 28. Ke3 Re1+ 29. Kd4 Qxf4 0-1

[Event "DVM U12w 2024"]
[Site "Bad Homburg"]
[Date "2024.12.29"]
[Round "5"]
[White "Zietz, Leni"]
[Black "Markl, Paula"]
[Result "1-0"]
[ECO "D02"]
[WhiteElo "1071"]
[BlackElo "759"]
[Annotator "NA"]
[PlyCount "26"]
[EventDate "2024.12.23"]
[EventType "team-tourn"]
[EventRounds "7"]
[EventCountry "GER"]
[SourceTitle "playchess.com"]
[Source "ChessBase"]
[SourceQuality "1"]
[TimeControl "40/5400+30:1800+30"]

1. d4 d5 2. Nf3 Nf6 3. Bf4 g6 4. e3 c6 5. Nbd2 Bg7 6. c4 Bf5 7. Be2 Nbd7 8. O-O O-O 9. Ne5 a6 10. Rc1 Nb6 11. c5 Nc8 12. Qb3 e6 13. Qxb7 Ra7 1-0

[Event "DVM U12w 2024"]
[Site "Bad Homburg"]
[Date "2024.12.29"]
[Round "5"]
[White "Scarlat-Timofte, Elena"]
[Black "Klymenko, Stefaniia"]
[Result "1-0"]
[ECO "C50"]
[WhiteElo "1024"]
[BlackElo "785"]
[Annotator "NA"]
[PlyCount "117"]
[EventDate "2024.12.23"]
[EventType "team-tourn"]
[EventRounds "7"]
[EventCountry "GER"]
[SourceTitle "playchess.com"]
[Source "ChessBase"]
[SourceQuality "1"]
[TimeControl "40/5400+30:1800+30"]

1. e4 e5 2. Nf3 Nc6 3. Bc4 Bc5 4. d3 d6 5. Bg5 Nf6 6. h3 Be6 7. Bxe6 fxe6 8. Nc3 h6 9. Bd2 O-O 10. Nh4 d5 11. Qf3 Nd4 12. Qd1 Qe8 13. Be3 Qf7 14. Qd2 Nh5 15. O-O-O a5 16. Rdg1 Rfb8 17. Qd1 b5 18. exd5 b4 19. Na4 g6 20. Bxh6 Rb5 21. Qg4 Kh7 22. Qg5 Qf4+ 23. Qxf4 Nxf4 24. Kd1 Kxh6 25. Re1 g5 26. Nf3 Nxf3 27. gxf3 Ng2 28. Rxe5 exd5 29. Rxd5 c6 30. Re5 Bxf2 31. Re6+ Kh5 32. Rh2 Nf4 33. Rf6 Bd4 34. Rxc6 Be5 35. Rh1 Kh4 36. Rh6+ Kg3 37. h4 Rh8 38. Ra6 Rxh4 39. Rg1+ Kxf3 40. c4 Rg4 41. Rf1+ Kg2 42. Re1 Rb8 43. Rxe5 Rd8 44. Nc5 Nxd3 45. Re2+ Nf2+ 46. Kc2 Rxc4+ 47. Kb3 Rxc5 48. Rf6 a4+ 49. Kxa4 b3 50. Rfxf2+ Kg3 51. Rg2+ Kf4 52. Rgf2+ Kg4 53. Re4+ Kh5 54. Rh2+ Kg6 55. Re6+ Kf5 56. Ra6 Rd4+ 57. Ka3 g4 58. Rh5+ Kf4 59. Rxc5 1-0

[Event "DVM U12w 2024"]
[Site "Bad Homburg"]
[Date "2024.12.29"]
[Round "5"]
[White "Seyedfakhari, Elena"]
[Black "Helbig, Frieda"]
[Result "0-1"]
[ECO "B13"]
[WhiteElo "986"]
[BlackElo "1443"]
[Annotator "NA"]
[PlyCount "27"]
[EventDate "2024.12.23"]
[EventType "team-tourn"]
[EventRounds "7"]
[EventCountry "GER"]
[SourceTitle "playchess.com"]
[Source "ChessBase"]
[SourceQuality "1"]
[TimeControl "40/5400+30:1800+30"]

1. e4 c6 2. d4 d5 3. exd5 cxd5 4. Bd3 Nc6 5. c3 Nf6 6. Bf4 Bg4 7. Qb3 Qd7 8. Nd2 e6 9. Ngf3 Be7 10. O-O O-O 11. Rfe1 Rac8 12. Rad1 Rfe8 13. h3 Bh5 14. Re3 0-1

[Event "DVM U12w 2024"]
[Site "Bad Homburg"]
[Date "2024.12.29"]
[Round "5"]
[White "Haas, Valentina"]
[Black "Schindler, Mailin"]
[Result "1/2-1/2"]
[ECO "C28"]
[WhiteElo "974"]
[BlackElo "884"]
[Annotator "NA"]
[PlyCount "41"]
[EventDate "2024.12.23"]
[EventType "team-tourn"]
[EventRounds "7"]
[EventCountry "GER"]
[SourceTitle "playchess.com"]
[Source "ChessBase"]
[SourceQuality "1"]
[TimeControl "40/5400+30:1800+30"]

1. e4 e5 2. Nc3 Nc6 3. Bc4 Nf6 4. d3 Bc5 5. f4 exf4 6. Bxf4 d6 7. Nf3 Bg4 8. h3 Bh5 9. g4 Bg6 10. Qd2 h6 11. Na4 Bb4 12. c3 Bc5 13. d4 Bb6 14. Nxb6 cxb6 15. Bd3 O-O 16. O-O-O Re8 17. Rde1 Rc8 18. a3 Nxe4 19. Bxe4 Bxe4 20. Qf2 Bxf3 21. Qxf3 1/2-1/2

[Event "DVM U12w 2024"]
[Site "Bad Homburg"]
[Date "2024.12.29"]
[Round "5"]
[White "Kuznetsova, Sofia"]
[Black "Frank, Elisa"]
[Result "1-0"]
[ECO "C50"]
[WhiteElo "926"]
[BlackElo "801"]
[Annotator "NA"]
[PlyCount "22"]
[EventDate "2024.12.23"]
[EventType "team-tourn"]
[EventRounds "7"]
[EventCountry "GER"]
[SourceTitle "playchess.com"]
[Source "ChessBase"]
[SourceQuality "1"]
[TimeControl "40/5400+30:1800+30"]

1. e4 e5 2. Nf3 Nc6 3. Bc4 Bc5 4. d3 Nf6 5. O-O O-O 6. h3 h6 7. Nc3 d6 8. Be3 Bxe3 9. fxe3 Be6 10. Bb3 d5 11. Kh1 d4 1-0

[Event "DVM U12w 2024"]
[Site "Bad Homburg"]
[Date "2024.12.29"]
[Round "5"]
[White "Dinges, Mara"]
[Black "He, Siqi"]
[Result "1-0"]
[ECO "D02"]
[WhiteElo "854"]
[BlackElo "870"]
[Annotator "NA"]
[PlyCount "26"]
[EventDate "2024.12.23"]
[EventType "team-tourn"]
[EventRounds "7"]
[EventCountry "GER"]
[SourceTitle "playchess.com"]
[Source "ChessBase"]
[SourceQuality "1"]
[TimeControl "40/5400+30:1800+30"]

1. d4 d5 2. Bf4 Bf5 3. e3 e6 4. Nf3 Nf6 5. Bd3 Bg6 6. c3 c5 7. Bb5+ Nc6 8. Ne5 Rc8 9. Nd2 Be7 10. c4 O-O 11. Nb3 a6 12. Bxc6 bxc6 13. O-O cxd4 1-0

[Event "DVM U12w 2024"]
[Site "Bad Homburg"]
[Date "2024.12.29"]
[Round "5"]
[White "Rempel, Katharina"]
[Black "Lorenz, Mina"]
[Result "1-0"]
[ECO "D00"]
[WhiteElo "851"]
[BlackElo "776"]
[Annotator "NA"]
[PlyCount "69"]
[EventDate "2024.12.23"]
[EventType "team-tourn"]
[EventRounds "7"]
[EventCountry "GER"]
[SourceTitle "playchess.com"]
[Source "ChessBase"]
[SourceQuality "1"]
[TimeControl "40/5400+30:1800+30"]

1. d4 d5 2. Nc3 Nf6 3. Bf4 Bf5 4. f3 e6 5. g4 Bg6 6. h4 h5 7. g5 Nfd7 8. e3 Bd6 9. Bxd6 cxd6 10. Bd3 Nc6 11. a3 Qc7 12. Nge2 Rc8 13. Qd2 f6 14. Bxg6+ Kf8 15. gxf6 Nxf6 16. Nf4 Qe7 17. Qd3 Rc7 18. Rg1 Rh6 19. Rg5 Qd7 20. Bxh5 Nxh5 21. Nxh5 Qf7 22. Nf4 Ne7 23. h5 e5 24. dxe5 dxe5 25. Rxe5 Rc5 26. Nfxd5 b6 27. Rd1 Qxf3 28. Rxe7 Rxh5 29. Qe2 Qh3 30. Nf4 Qg3+ 31. Qf2 Rh1+ 32. Ke2 Qh2 33. Ng6+ Kg8 34. Rxh1 Qxh1 35. Qf7+ 1-0

[Event "DVM U12w 2024"]
[Site "Bad Homburg"]
[Date "2024.12.29"]
[Round "5"]
[White "Nuzhnaia, Daria"]
[Black "Elsayed Esam, Sally"]
[Result "0-1"]
[ECO "B13"]
[WhiteElo "831"]
[BlackElo "1563"]
[Annotator "NA"]
[PlyCount "56"]
[EventDate "2024.12.23"]
[EventType "team-tourn"]
[EventRounds "7"]
[EventCountry "GER"]
[SourceTitle "playchess.com"]
[Source "ChessBase"]
[SourceQuality "1"]
[TimeControl "40/5400+30:1800+30"]

1. e4 c6 2. d4 d5 3. exd5 cxd5 4. c3 Nf6 5. Bd3 Qc7 6. Nf3 Bg4 7. h3 Bh5 8. O-O e6 9. Nbd2 Bd6 10. Qc2 O-O 11. Re1 Nbd7 12. b3 e5 13. dxe5 Nxe5 14. Nxe5 Bxe5 15. Nf3 Bxf3 16. gxf3 Bh2+ 17. Kf1 Rfe8 18. Bg5 Qd7 19. Rxe8+ Rxe8 20. Be2 Qxh3+ 21. Ke1 Qxf3 22. c4 Qh1+ 23. Kd2 Ne4+ 24. Kd3 Nxf2+ 25. Kd2 Qxa1 26. cxd5 Qd4+ 27. Bd3 Ne4+ 28. Kd1 Nxg5 0-1

[Event "DVM U12w 2024"]
[Site "Bad Homburg"]
[Date "2024.12.29"]
[Round "5"]
[White "Dennhardt, Mira"]
[Black "Augustin, Luisa"]
[Result "1/2-1/2"]
[ECO "C50"]
[WhiteElo "830"]
[BlackElo "797"]
[Annotator "NA"]
[PlyCount "79"]
[EventDate "2024.12.23"]
[EventType "team-tourn"]
[EventRounds "7"]
[EventCountry "GER"]
[SourceTitle "playchess.com"]
[Source "ChessBase"]
[SourceQuality "1"]
[TimeControl "40/5400+30:1800+30"]

1. e4 e5 2. Nc3 Nf6 3. Bc4 Bc5 4. Nf3 Nc6 5. O-O d6 6. d3 h6 7. Bd2 b6 8. h3 g5 9. Qe1 g4 10. Qe2 gxf3 11. Qxf3 Nd4 12. Qg3 Bb4 13. Qg7 Rf8 14. Qxh6 Bxc3 15. Bxc3 Ne2+ 16. Kh1 Nxc3 17. bxc3 d5 18. exd5 Nxd5 19. Bxd5 Qxd5 20. c4 Qb7 21. Rae1 Rg8 22. Rxe5+ Be6 23. Rg1 O-O-O 24. d4 Rxd4 25. c5 Rd1 26. f3 Rd2 27. Qxd2 Bxa2 28. Rge1 Qc6 29. Qe2 Kd8 30. h4 f6 31. Re4 Bd5 32. Re3 Rh8 33. Kg1 Qxc5 34. Kf1 Bc4 35. Rd3+ Bxd3 36. Qxd3+ Qd6 37. Qxd6+ cxd6 38. g3 a5 39. Rd1 Kd7 40. Kg2 1/2-1/2

[Event "DVM U12w 2024"]
[Site "Bad Homburg"]
[Date "2024.12.29"]
[Round "5"]
[White "Gelbach, Amelia"]
[Black "Winkler, Anni"]
[Result "0-1"]
[ECO "B02"]
[WhiteElo "809"]
[BlackElo "1404"]
[Annotator "NA"]
[PlyCount "65"]
[EventDate "2024.12.23"]
[EventType "team-tourn"]
[EventRounds "7"]
[EventCountry "GER"]
[SourceTitle "playchess.com"]
[Source "ChessBase"]
[SourceQuality "1"]
[TimeControl "40/5400+30:1800+30"]

1. e4 d5 2. Nc3 Nf6 3. Bd3 c5 4. e5 d4 5. exf6 dxc3 6. bxc3 exf6 7. Nf3 Bd6 8. O-O O-O 9. Re1 Nc6 10. h3 a6 11. Be4 Ne5 12. d4 Nxf3+ 13. Qxf3 Re8 14. Ba3 cxd4 15. Bxd6 Qxd6 16. cxd4 Rb8 17. Rab1 b5 18. Bxh7+ Kf8 19. Rxe8+ Kxe8 20. Re1+ Kf8 21. c3 g6 22. Qd3 Bf5 23. Qd2 Kg7 24. Bg8 Rxg8 25. g4 Bd7 26. h4 Bxg4 27. Re4 Bf5 28. Rf4 Rh8 29. Qe3 Bd3 30. Rg4 Bc4 31. f4 f5 32. Rg2 Rxh4 33. Rf2 0-1

[Event "DVM U12w 2024"]
[Site "Bad Homburg"]
[Date "2024.12.29"]
[Round "5"]
[White "Schindler, Amilia"]
[Black "Nehrukumar, Rithika"]
[Result "0-1"]
[ECO "C50"]
[WhiteElo "790"]
[BlackElo "1147"]
[Annotator "NA"]
[PlyCount "23"]
[EventDate "2024.12.23"]
[EventType "team-tourn"]
[EventRounds "7"]
[EventCountry "GER"]
[SourceTitle "playchess.com"]
[Source "ChessBase"]
[SourceQuality "1"]
[TimeControl "40/5400+30:1800+30"]

1. e4 e5 2. Nf3 Nc6 3. Bc4 Bc5 4. Nc3 d6 5. h3 h6 6. O-O Nf6 7. d3 O-O 8. Be3 Bb6 9. d4 Nxe4 10. d5 Nxc3 11. bxc3 Ne7 12. Qd3 0-1

[Event "DVM U12w 2024"]
[Site "Bad Homburg"]
[Date "2024.12.29"]
[Round "5"]
[White "Winkler, Helena"]
[Black "Senthilkumar, Vasanthi"]
[Result "1-0"]
[ECO "C47"]
[WhiteElo "778"]
[BlackElo "818"]
[Annotator "NA"]
[PlyCount "84"]
[EventDate "2024.12.23"]
[EventType "team-tourn"]
[EventRounds "7"]
[EventCountry "GER"]
[SourceTitle "playchess.com"]
[Source "ChessBase"]
[SourceQuality "1"]
[TimeControl "40/5400+30:1800+30"]

1. e4 e5 2. Nf3 Nc6 3. Nc3 Bc5 4. Be2 Nf6 5. O-O d6 6. d3 h6 7. Be3 Bxe3 8. fxe3 O-O 9. d4 Bg4 10. dxe5 dxe5 11. h3 Bh5 12. Nh4 Bxe2 13. Qxe2 Re8 14. Rad1 Qe7 15. Nf5 Qe6 16. Qf3 Rad8 17. Qg3 g6 18. Nxh6+ Kf8 19. Rxd8 Rxd8 20. Rd1 Rxd1+ 21. Nxd1 Nh5 22. Qg5 f6 23. Qxg6 Ne7 24. Qxh5 f5 25. exf5 Nxf5 26. Nxf5 Qd5 27. Nc3 Qd2 28. Qh8+ Kf7 29. g4 Qxc2 30. g5 Qxf5 31. Qh5+ Ke7 32. Nd5+ Kd6 33. Nc3 c5 34. Nb5+ Kc6 35. Qe8+ Kd5 36. Nc7+ Ke4 37. g6 Qg5+ 38. Kf1 Qxe3 39. g7 Qf3+ 40. Ke1 Ke3 41. Qb5 a6 42. Qc4 b5 1-0